Map: Cactus Valley LE (Void)

Players

Cuddlebear

  • Race: Terran Terran
  • Spawn Location: 5:00

ZergGirl - Winner!

  • Race: Zerg Zerg
  • Spawn Location: 7:00

Event: WCS Austin 2017

VOD

Have the link to the VOD?

Description

Time

  • Played on: April 28, 2017, 1:39 p.m.
  • Length: 7:05

All games in this series

Show
View Real Time Build Order
Export as new Build Order

Cuddlebear Terran 

Build Orders: Reaper Expand, MMM Bio 

Get SALT Encoding   

  12  0:00  SCV  
  13  0:13  SCV  
  14  0:17  Supply Depot  
  14  0:25  SCV  
  15  0:41  Barracks  
  15  0:42  SCV  
  16  0:44  Refinery  
  16  0:54  SCV  
  17  1:06  SCV  
  18  1:18  SCV  
  19  1:28  Reaper  
  19  1:30  Orbital Command  
  20  1:49  Command Center  
  20  1:57  SCV  
  20  2:00  Barracks Reactor  
  21  2:07  Barracks  
  21  2:10  SCV  
  22  2:23  SCV  
  22  2:24  Supply Depot  
  22  2:27  Refinery  
  23  2:34  Factory  
  23  2:45  Marine x2, SCV  
  26  2:55  Barracks Tech Lab  
  26  3:00  SCV  
  26  3:03  Marine, Orbital Command  
  28  3:12  SCV  
  29  3:17  Marine x2  
  31  3:20  Stimpack  
  31  3:25  Starport  
  31  3:28  Factory Reactor  
  31  3:32  SCV  
  31  3:33  SCV  
  33  3:38  Marine  
  34  3:42  Marine  
  34  3:44  SCV  
  34  3:46  SCV  
  37  3:51  Marine  
  38  3:56  Marine, SCV  
  38  3:58  SCV  
  38  4:00  Marine  
  38  4:01  Supply Depot  
  42  4:08  SCV  
  43  4:10  Medivac, SCV  
  46  4:19  Supply Depot  
  46  4:23  Medivac, Marine x3, SCV  
  52  4:24  SCV  
  53  4:35  SCV  
  54  4:38  Engineering Bay  
  54  4:40  Engineering Bay  
  54  4:41  SCV  
  54  4:42  Medivac, Marauder  
  54  4:43  Marine  
  60  4:48  Supply Depot, Marine  
  60  4:51  SCV  
  62  5:09  Medivac, Marine, SCV x2  
  62  5:11  Marine  
  62  5:12  Widow Mine, Marine  
  62  5:14  Medivac  
  63  5:16  Bunker  
  63  5:18  Bunker  
  63  5:27  Combat Shields  
  63  5:33  Supply Depot x2  
  63  5:34  Supply Depot  
  56  5:46  Liberator  
  46  5:51  Marine  
  46  5:52  SCV  
  46  5:54  Marine x2  
  46  5:55  SCV  
  49  6:07  Hellion  
  49  6:08  SCV  
  49  6:09  Marine  
  49  6:12  Marine x2  
  49  6:16  SCV  
  47  6:20  SCV  
  48  6:27  Marine  
  48  6:30  Marine  
Show
View Real Time Build Order
Export as new Build Order

ZergGirl Zerg - Winner!

Build Orders: Hatch First 

Get SALT Encoding   

  12  0:01  Drone  
  13  0:08  Drone  
  14  0:17  Overlord  
  14  0:26  Extractor x2  
  14  0:27  Drone  
  13  0:29  Drone  
  16  0:53  Drone, Hatchery  
  17  0:57  Drone  
  17  1:06  Drone  
  17  1:09  Extractor  
  17  1:18  Spawning Pool  
  17  1:20  Drone  
  17  1:27  Drone  
  18  1:37  Drone  
  19  1:48  Overlord  
  19  2:04  Queen  
  19  2:06  Queen, Zergling x4  
  25  2:11  Metabolic Boost  
  25  2:16  Drone x2  
  25  2:22  Drone  
  28  2:28  Drone  
  29  2:34  Drone  
  30  2:45  Queen  
  30  2:47  Drone x2  
  34  3:00  Hatchery  
  33  3:10  Roach Warren  
  31  3:17  Overlord  
  31  3:26  Overlord  
  31  3:30  Queen  
  33  3:38  Extractor  
  32  3:41  Drone x2  
  32  3:42  Drone x2  
  32  3:44  Queen  
  38  3:52  Overlord  
  38  3:57  Roach x2  
  42  4:05  Roach  
  48  4:10  Roach x2  
  48  4:13  Roach  
  50  4:18  Roach  
  50  4:23  Roach  
  54  4:30  Roach x2  
  58  4:38  Roach x2  
  62  4:42  Roach  
  64  4:49  Roach  
  66  4:55  Overlord  
  66  4:56  Overlord x2  
  66  5:12  Overlord x2  
  66  5:15  Ravager x3  
  66  5:17  Zergling x6  
  72  5:22  Zergling x2  
  72  5:23  Zergling x4  
  70  5:44  Zergling x2  
  70  5:45  Zergling x4  
  67  5:54  Zergling x4  
  67  5:55  Zergling x4  
  67  5:56  Ravager  
  67  6:05  Ravager  
  65  6:12  Zergling x14  
  65  6:14  Ravager  
  67  6:25  Zergling x6  
  69  6:38  Zergling x6  
  69  6:39  Zergling x2  
Tags
 
Add a new tag
Caveats
  • Supply blocks, unpowered buildings, or Contaminate may cause inaccurate times.
  • Supply counts are checked every 10 seconds.